 Dungeon Crawl Stone Soup version 0.30-b1-2-g02819fbbbe (webtiles) character file.

Game seed: 16181584181035257365

2602 nightchill the Cleaver (level 9, -1/75 (84) HPs)
             Began as a Minotaur Fighter on Jan 15, 2024.
             Was a Priest of Zin.
             Slain by a wight
             ... wielding a +4 falchion
              (2 damage)
             ... on level 6 of the Dungeon.
             The game lasted 00:11:55 (4563 turns).

nightchill the Cleaver (Minotaur Fighter)           Turns: 4563, Time: 00:11:55

HP:   -1/75 (84)    AC:  9    Str: 24    XL:     9   Next: 33%
MP:   8/8           EV:  9    Int:  5    God:    Zin [***...]
Gold: 365           SH:  4    Dex: 11    Spells: 8/8 levels left

rFire   . . .        a - +0 war axe
rCold   + . .        c - +0 buckler
rNeg    . . .        o - +1 scale mail {rC+}
rPois   .            (helmet restricted)
rElec   .            (no cloak)
rCorr   .            E - +0 pair of gloves
SInv    .            (no boots)
Will    .....        j - amulet of regeneration Stlth
                     (no ring)
HPRegen 1.12/turn    (no ring)
MPRegen 0.11/turn

%: no passive effects
@: on recite cooldown, heavily drained
A: horns 2, retaliatory headbutt
a: Renounce Religion, Recite, Vitalisation, Imprison, Donate Gold


You were on level 6 of the Dungeon.
You worshipped Zin.
Zin was most pleased with you.
You visited 2 branches of the dungeon, and saw 8 of its levels.

You collected 405 gold pieces.
You donated 40 gold pieces to Zin.

Inventory:

Hand Weapons
 a - a +0 war axe (weapon)
Missiles
 d - 2 curare-tipped darts
 t - 12 poisoned darts (quivered)
Armour
 c - a +0 buckler (worn)
 o - a +1 scale mail of cold resistance (worn)
 A - a +0 tower shield
 E - a +0 pair of gloves (worn)
Jewellery
 b - a ring of see invisible
 j - an amulet of regeneration (around neck)
 z - a ring of magical power
 B - an amulet of guardian spirit
Wands
 u - a wand of flame (15)
Scrolls
 f - 4 scrolls of identify {unknown}
 g - a scroll of acquirement {unknown}
 h - 3 scrolls of vulnerability {unknown}
 k - a scroll of butterflies {unknown}
 l - a scroll of enchant weapon {unknown}
 m - a scroll of enchant armour {unknown}
 q - 3 scrolls of fear {unknown}
 r - a scroll of noise {unknown}
 s - 2 scrolls of blinking {unknown}
 v - a scroll of fog {unknown}
 w - a scroll of immolation {unknown}
 y - a scroll of amnesia {unknown}
 D - a scroll of torment {unknown}
Potions
 e - 2 potions of ambrosia {unknown}
 i - 2 potions of resistance {unknown}
 n - 2 potions of attraction {unknown}
 x - a potion of flight {unknown}
 C - 2 potions of curing


   Skills:
 + Level 9.5 Fighting
 * Level 12.5 Axes
 - Level 3.6 Armour
 - Level 3.6 Shields
 + Level 0.2 Invocations


You had 8 spell levels left.
You didn't know any spells.
Your spell library contained the following spells:

 Spells                   Type           Power      Damage    Failure   Level
 Necrotise                Necr           0%         1d4       83%         1
 Cigotuvi's Dreadful Rot  Necr/Pois/Air  0%         N/A       93%         2
 Ensorcelled Hibernation  Hex/Ice        0%         N/A       93%         2
 Passwall                 Tmut/Erth      0%         N/A       93%         2
 Ignite Poison            Fire/Tmut/Pois 0%         N/A       99%         3
 Swiftness                Air            0%         N/A       99%         3
 Vampiric Draining        Necr           0%         2d6       99%         3
 Agony                    Necr           0%         N/A       100%        5
 Freezing Cloud           Conj/Ice/Air   0%         6-21      100%        5
 Summon Forest            Summ/Tloc      0%         N/A       100%        5
 Summon Mana Viper        Hex/Summ       0%         N/A       100%        5
 Summon Cactus Giant      Summ           0%         N/A       100%        6


Dungeon Overview and Level Annotations

Branches:
Dungeon (7/15)             Temple (1/1) D:4

Altars:
Ashenzari
Cheibriados
Elyvilon
Fedhas
Gozag
Hepliaklqana
Kikubaaqudgha
Nemelex Xobeh
Okawaru
Qazlal
Ru
Sif Muna
Uskayaw
Wu Jian
Xom
Yredelemnul
Zin
The Shining One

Shops:
D:1 !:!


Innate Abilities, Weirdness & Mutations

You have a pair of horns on your head.
You reflexively headbutt those who attack you in melee.


Message History

The sleepcap is heavily damaged.
You hit the wight but do no damage. You barely miss the wight.
The wight hits you but does no damage. The wight hits you with a +4 falchion!
The sleepcap releases spores at you but does no damage.
You slash the sleepcap!
The sleepcap is almost destroyed.
You closely miss the wight. You hit the wight.
The wight hits you with a +4 short sword!
The wight hits you with a +4 falchion.
You feel drained. The sleepcap releases spores at you.
You are engulfed in a cloud of soporific spores!
You fall asleep.
The wight hits you with a +4 short sword!!
You wake up.
* * * LOW HITPOINT WARNING * * *
You feel drained.
* * * LOW HITPOINT WARNING * * *
The wight hits you with a +4 falchion.
* * * LOW HITPOINT WARNING * * *
The sleepcap barely misses you. You block the wight's attack.
The wight barely misses you.
The sleepcap releases spores at you but does no damage.
You climb upwards.
There is a stone staircase leading down here.
You hit the sleepcap.
The sleepcap is almost destroyed.
You closely miss the wight. x2; The sleepcap releases spores at you.
* * * LOW HITPOINT WARNING * * *
You are engulfed in a cloud of soporific spores!
You are unaffected.
The wight hits you but does no damage. The wight barely misses you.
You hit the sleepcap.
You destroy the sleepcap!
You hit the wight but do no damage. You hit the wight.
The wight hits you with a +4 short sword.
* * * LOW HITPOINT WARNING * * *
The wight hits you with a +4 falchion!
* * * LOW HITPOINT WARNING * * *
You feel drained.
You die...

#....#.............#...
#....#######.......#...
#..........#.......#...
##.........'......)#...
##.........#.......#...
#..........#.......#...
#....#####'#.......#...
#....##....#.......#...
#.....@....'.......##'# #####
#....zz....#.......#...
....########...[)....#.......#...
....#.....##...###'###.......#...
....#..........#.............####
....#..........'.................
....#..........#.................
....'..........#......#######....
....#..........#......#.....#....


You could see 2 wights.

Vanquished Creatures
  3 slime creatures (D:5)
  2 ice beasts
  2 sky beasts
  An ogre (D:5)
  A centaur (D:4)
  2 phantoms (D:5)
  3 kobold brigands (D:5)
  A bullfrog (D:6)
  A scorpion (D:4)
  A gnoll sergeant (D:6)
  A wight (D:7)
  A howler monkey (D:4)
  A gnoll bouda (D:4)
  4 hounds
  4 jellies (D:5)
  2 orc priests
  2 sleepcaps
  2 iguanas
  5 orc wizards
  15 gnolls
  14 adders
  2 shadow imps (D:5)
  6 dart slugs
  14 orcs
  5 bats
  14 endoplasms
  9 giant cockroaches
  6 goblins
  7 hobgoblins
  4 jackals (D:1)
  5 quokkas
  8 ball pythons
  4 frilled lizards
  12 kobolds
  3 rats
167 creatures vanquished.

Vanquished Creatures (others)
  A scorpion (D:5)
  A howler monkey (D:5)
  A hound (D:5)
  A jelly (D:5)
  An adder (D:5)
  An ufetubus (D:5)
  2 orcs (D:5)
  3 fungi (D:5)
  8 toadstools (D:5)
19 creatures vanquished.

Grand Total: 186 creatures vanquished

Notes
Turn   | Place    | Note
-------+----------+-------------------------------------------
     0 | D:1      | nightchill the Minotaur Fighter began the quest for the
                  | Orb.
     0 | D:1      | Reached XP level 1. HP: 19/19 MP: 0/0
    45 | D:1      | Reached skill level 3 in Axes
    95 | D:1      | Found Nustecs's Distillery.
   125 | D:1      | Reached XP level 2. HP: 27/27 MP: 1/1
   159 | D:1      | Found Hazxek's Book Emporium.
   201 | D:1      | You fall into a shaft and drop 1 floor!
   378 | D:1      | Found Reika's Distillery.
   455 | D:1      | Reached XP level 3. HP: 33/33 MP: 2/2
   613 | D:1      | Reached skill level 4 in Axes
   874 | D:2      | Reached XP level 4. HP: 31/41 MP: 3/3
  1064 | D:2      | Reached skill level 5 in Axes
  1582 | D:2      | Found a faded altar of an unknown god.
  1648 | D:3      | Reached XP level 5. HP: 47/47 MP: 4/4
  1792 | D:3      | Reached skill level 5 in Fighting
  1823 | D:3      | Found a white marble altar of Elyvilon.
  1852 | D:3      | Found a sparkling altar of Nemelex Xobeh.
  1855 | D:3      | Became a worshipper of Elyvilon the Healer
  1873 | D:3      | Reached skill level 6 in Axes
  2145 | D:4      | Reached XP level 6. HP: 50/56 MP: 5/5
  2189 | D:4      | Reached skill level 7 in Axes
  2413 | D:4      | Reached * piety under Elyvilon
  2456 | D:4      | Found a staircase to the Ecumenical Temple.
  2535 | D:4      | Reached skill level 8 in Axes
  2535 | D:4      | Reached XP level 7. HP: 48/64 MP: 6/6
  2853 | D:5      | Entered Level 5 of the Dungeon
  2927 | D:5      | Found a shimmering altar of Xom.
  3008 | D:5      | Reached skill level 9 in Axes
  3093 | D:5      | Reached XP level 8. HP: 73/73 MP: 7/7
  3159 | D:5      | Reached ** piety under Elyvilon
  3250 | D:5      | Reached skill level 10 in Axes
  3311 | D:5      | Noticed a slime creature
  3317 | D:5      | Noticed a slime creature
  3317 | D:5      | Killed a slime creature
  3325 | D:5      | Noticed a slime creature
  3329 | D:5      | Killed a slime creature
  3330 | D:5      | Reached skill level 11 in Axes
  3335 | D:5      | Killed a slime creature
  3340 | D:5      | Reached XP level 9. HP: 34/82 MP: 8/8
  3811 | D:6      | Reached skill level 12 in Axes
  4135 | D:6      | Reached *** piety under Elyvilon
  4393 | Temple   | Entered the Ecumenical Temple
  4483 | Temple   | Fell from the grace of Elyvilon
  4483 | Temple   | Became a worshipper of Zin the Law-Giver
  4483 | Temple   | Reached * piety under Zin
  4483 | Temple   | Reached ** piety under Zin
  4483 | Temple   | Reached *** piety under Zin
  4563 | D:6      | HP: 1/77 [wight/+4 falchion (8)]
  4563 | D:6      | Slain by a wight

Illustrated notes

Levels and vault maps discovered:
D:1:      minmay_arrival_nine_rooms, layout_loops_ring, serial_shops,
          nicolae_shop_tiny_statue_garden, nicolae_shop_pleasant_corner_grove,
          shop
D:2:      layout_basic, hellmonk_ecumenical_altar_inner_sanctum, minivault_27
D:3:      layout_basic, mainiacjoe_overflow_catwalk,
          nemelex_xobeh_ov_fountains_minmay
D:4:      layout_loops_ring, minmay_temple_entry_junction_2,
          minmay_stone_trees_large
D:5:      cheibrodos_fertilizer, layout_basic, xom_confusion_cloud,
          reono_crystal_passage
D:6:      layout_gridville
D:7:      layout_basic, serial_shops, shop
Temple:   eino_narrow_crystal_temple

Skill      XL: |  1  2  3  4  5  6  7  8  9 |
---------------+----------------------------+-----
Axes           | 3 4 5 6 8 9 11 12 | 12.5
Fighting       | 4 5 6 7 8 9 |  9.5
Armour         | |  3.6
Shields        | |  3.6
Invocations    | |  0.2

Action                     |  1- 3 |  4- 6 |  7- 9 || total
---------------------------+-------+-------+-------++-------
  Melee: War axe           |    75 |   134 |   183 ||   392
         Headbutt          |     6 |    20 |    36 ||    62
 Invoke: Recite            |       |       |     1 ||     1
    Use: Potion            |       |       |     4 ||     4
 Armour: Scale mail        |    32 |    44 |    65 ||   141
         Chain mail        |       |     7 |       ||     7
  Dodge: Dodged            |    30 |    65 |    85 ||   180
  Block: Buckler           |    15 |    25 |    30 ||    70
